 Dungeon Crawl Stone Soup version 0.31.0-11-ge490571c62 (webtiles) character file.

Game seed: 16853246723868066412

40 qw the Shooter (level 3, -4/18 HPs)
             Began as a Spriggan Hunter on Feb 5, 2024.
             Slain by a goblin
             ... wielding a +0 dagger
             ... led by Robin
              (5 damage)
             ... on level 2 of the Dungeon.
             The game lasted 00:00:20 (605 turns).

qw the Shooter (Spriggan Hunter)                     Turns: 605, Time: 00:00:20

Health: -4/18      AC:  3    Str:  7    XL:     3   Next: 30%
Magic:  4/4        EV: 24    Int: 10    God:
Gold:   75         SH:  0    Dex: 20    Spells: 2/2 levels left

rFire   . . .        a - +0 shortbow
rCold   . . .        (shield currently unavailable)
rNeg    . . .        c - +0 robe
rPois   .            d - +1 hat
rElec   .            (no cloak)
rCorr   .            (gloves unavailable)
SInv    +            (boots unavailable)
Will    +....        (no amulet)
Stlth   ++           e - ring of willpower
HPRegen 0.23/turn    f - +5 ring of evasion
MPRegen 0.09/turn

%: no passive effects
@: very quick
A: very small, no large weapons, unfitting armour, see invisible, speed 3
a: no special abilities


You were on level 2 of the Dungeon.
You visited 1 branch of the dungeon, and saw 2 of its levels.

You collected 75 gold pieces.


Innate Abilities, Weirdness & Mutations

You are very small and have problems with some larger weapons.
You are too small for most types of armour.
You have supernaturally acute eyesight. (SInv)
You cover ground extremely quickly. (Speed+++)


   Skills:
 - Level 1.5 Fighting
 + Level 4.6 Ranged Weapons
 - Level 4.0 Dodging
 - Level 1.5 Stealth


You had 2 spell levels left.
You didn't know any spells.
Your spell library was empty.

Inventory:

Hand Weapons
 a - a +0 shortbow (weapon)
Armour
 c - a +0 robe (worn)
 d - a +1 hat (worn)
Jewellery
 e - a ring of willpower (left hand)
 f - a +5 ring of evasion (right hand)
Scrolls
 b - 2 scrolls of identify {unknown}
 g - a scroll of fear {unknown}

Dungeon Overview and Level Annotations

Branches:
Dungeon (2/15)

Altars:

Annotations:
D:2 Robin


Message History

The hobgoblin barely misses you. The goblin completely misses you.
Robin barely misses you. The goblin hits you with a +0 dagger.
The hobgoblin misses you. The goblin barely misses you.
The goblin closely misses you. The hobgoblin completely misses you. x2
Robin misses you.
You shoot an arrow. The arrow barely misses the hobgoblin.
The goblin no longer looks unusually strong.
The goblin barely misses you. The hobgoblin misses you.
The goblin completely misses you.
Robin roars a battlecry!
The goblins go into a battle-frenzy!
The hobgoblin misses you.
You shoot an arrow. The arrow hits the hobgoblin.
The hobgoblin is moderately wounded.
The goblin hits you but does no damage. The hobgoblin closely misses you.
The goblin closely misses you. Robin completely misses you.
The hobgoblin misses you.
You shoot an arrow. The arrow hits the hobgoblin.
You kill the hobgoblin!
Robin misses you. The goblin completely misses you.
The hobgoblin completely misses you.
You shoot an arrow. The arrow barely misses the goblin.
Robin roars a battlecry!
The goblin goes into a battle-frenzy!
The hobgoblin hits you but does no damage.
The goblin closely misses you. The goblin completely misses you.
The hobgoblin completely misses you.
You shoot an arrow. The arrow hits the goblin!
You kill the goblin!
The hobgoblin no longer looks unusually strong.
Robin hits you from afar with a +0 spear.
The hobgoblin completely misses you. The goblin misses you.
Robin closely misses you. The goblin hits you with a +0 dagger.
The hobgoblin completely misses you. The hobgoblin misses you.
The goblin completely misses you.
You shoot an arrow. The arrow hits the hobgoblin!
You kill the hobgoblin!
The goblin no longer looks unusually strong.
The goblin hits you with a +0 dagger.
You die...

....
.......#.........#
.....
.####....###...###
##P.## ..# #.#.##
##..... #.# #.#.#
###### #.# #.#.# ##
#.# #.#.####### #.
#.###.#.......# ##
##g##..#######.# #
#g@)#.# ######.#
#g#g#..# #......#
.)...##.# #.#######
###.###..###........
## #.#.....#######
#.######.# ## #(#
..# ###


You could see Robin, a hobgoblin (strong) and 2 goblins.

Vanquished Creatures
  An adder (D:2)
  A dart slug (D:2)
  A bat (D:1)
  An endoplasm (D:1)
  3 giant cockroaches (D:1)
  7 goblins
  4 hobgoblins
  2 jackals (D:1)
  A kobold (D:1)
  2 quokkas (D:1)
  A ball python (D:1)
  A frilled lizard (D:1)
  A rat (D:1)
26 creatures vanquished.

Notes
Turn   | Place    | Note
-------+----------+-------------------------------------------
     0 | D:1      | qw the Spriggan Hunter began the quest for the Orb.
     0 | D:1      | Reached XP level 1. HP: 10/10 MP: 2/2
     0 | D:1      | 0 ||| qw: Version: 0.3-a-160-g6735b56
     0 | D:1      | 0 ||| qw: Game counter: 6416
     0 | D:1      | 0 ||| qw: Melee chars always use a shield: true
     0 | D:1      | 0 ||| qw: God list: Okawaru
     0 | D:1      | 0 ||| qw: Allow faded altars: false
     0 | D:1      | 0 ||| qw: Do Orc after clearing Dungeon:15 true
     0 | D:1      | 0 ||| qw: Do second Lair branch before Depths: true
     0 | D:1      | 0 ||| qw: Lair rune preference: random
     0 | D:1      | 0 ||| qw: Goals: Normal
     0 | D:1      | 0 ||| PLANNING D:1-11
    23 | D:1      | Reached skill level 3 in Dodging
   142 | D:1      | Reached XP level 2. HP: 14/14 MP: 3/3
   392 | D:1      | 392 ||| UPGRADING to +1 hat.
   397 | D:1      | 397 ||| UPGRADING to ring of willpower.
   398 | D:1      | 398 ||| UPGRADING to +5 ring of evasion.
   399 | D:1      | 399 ||| READING scroll labelled XIM ZURGHUCEX.
   400 | D:1      | 400 ||| DROPPING scroll of butterflies.
   539 | D:2      | Reached XP level 3. HP: 18/18 MP: 4/4
   585 | D:2      | Noticed Robin
   595 | D:2      | HP: 4/18 [Robin/+0 spear (4)]
   604 | D:2      | HP: 2/18 [Robin/+0 spear (1)]
   605 | D:2      | Slain by a goblin

Levels and vault maps discovered:
D:1:      dpeg_arrival_rooms_a, layout_rooms
D:2:      layout_loops_ring, dreamdust_ecumenical_altar_hidden_monk_grotto,
          uniq_robin

Skill      XL: |  1  2 |
---------------+-------+-----
Dodging        | 3 4 |  4.0
Fighting       | |  1.5
Ranged Weapons | |  4.6
Stealth        | |  1.5

Action                     || total
---------------------------++-------
   Fire: Shortbow          ||    87
    Use: Scroll            ||     1
 Armour: Robe              ||    20
  Dodge: Dodged            ||    97

Table legend:
 A = Non-vault XP
 B = Vault XP
 C = Vault XP percentage of total XP
 D = Non-vault monster count
 E = Vault monster count
 F = Vault count percentage of total count
                 A         B        C        D         E       F
            +---------+---------+-------+---------+---------+-------
      Total |      48 |      12 |  20.0 |      19 |       7 |  26.9
            +---------+---------+-------+---------+---------+-------
        D:1 |      27 |       0 |   0.0 |      15 |       0 |   0.0
        D:2 |      21 |      12 |  36.4 |       4 |       7 |  63.6
            +---------+---------+-------+---------+---------+-------
